 Dungeon Crawl Stone Soup version 0.29-a0-338-g1ff7896281 (webtiles) character file.

Game seed: 5155612872204977591

7 sokol815 the Skirmisher (level 2, 0/24 HPs)
             Began as a Human Fighter on Apr 17, 2022.
             Slain by a quokka (3 damage)
             ... on level 1 of the Dungeon.
             The game lasted 00:00:27 (344 turns).

sokol815 the Skirmisher (Human Fighter)              Turns: 344, Time: 00:00:28

Health: 0/24       AC:  6    Str: 16    XL:     2   Next: 5%
Magic:  2/2        EV:  8    Int:  8    God:
Gold:   61         SH:  4    Dex: 12    Spells: 1/1 levels left

rFire   . . .      SeeInvis .   a - +0 long sword
rCold   . . .      Faith    .   c - +0 buckler
rNeg    . . .      Spirit   .   b - +0 scale mail
rPois   .          Reflect  .   (no helmet)
rElec   .          Harm     .   (no cloak)
rCorr   .          Rampage  .   (no gloves)
Will    .....                   (no boots)
Stlth   ..........              (no amulet)
HPRegen 0.08/turn               (no ring)
MPRegen 0.08/turn               (no ring)

@: no status effects
A: no striking features
a: no special abilities


You were on level 1 of the Dungeon.
You visited 1 branch of the dungeon, and saw 1 of its levels.

You collected 61 gold pieces.

Inventory:

Hand Weapons
 a - a +0 long sword (weapon)
Missiles
 s - 13 stones (quivered)
Armour
 b - a +0 scale mail (worn)
 c - a +0 buckler (worn)
Scrolls
 d - a scroll of fog {unknown}
Potions
 e - a potion of haste {unknown}
 M - 2 potions of might


   Skills:
 + Level 3.5 Fighting
 - Level 2.0 Long Blades
 - Level 3.0 Armour
 - Level 3.0 Shields


You had one spell level left.
You didn't know any spells.
Your spell library was empty.

Dungeon Overview and Level Annotations

Branches:
Dungeon (1/15)

Altars:


Message History

You open the door.
There is an open door here.
You open the door.
There is an open door here.
An endoplasm comes into view.
The endoplasm quivers.
You throw a stone.
The stone hits the endoplasm but does no damage.
You throw a stone. The stone hits the endoplasm.
You hit the endoplasm.
You kill the endoplasm!
No target in view!
No target in view!
s - 15 stones (gained 1)
s - 16 stones (gained 1)
d - a scroll labelled PIXUYHIANK You open the door.
A bat comes into view.
There is an open door here.
You throw a stone. The stone hits the bat.
The bat hits you but does no damage.
You throw a stone.
The stone hits the bat but does no damage.
You block the bat's attack.
You throw a stone. The stone hits the bat.
You kill the bat!
No target in view!
No target in view!
s - 15 stones (gained 2)
You open the door.
There is an open door here.
Found a stone staircase leading down.
No target in view!
Found a stone staircase leading down.
e - a lumpy inky potion You open the door.
There is an open door here.
As you open the door, it creaks loudly!
There is an open door here.
You open the door. You open the door.
There is an open door here.
You open the door.
There is an open door here.
You now have 52 gold pieces (gained 10).
You now have 61 gold pieces (gained 9).
A goblin and a hobgoblin come into view.
The goblin shouts!
The hobgoblin shouts!
A quokka comes into view.
You throw a stone. The stone barely misses the hobgoblin.
You throw a stone. The stone closely misses the hobgoblin.
A hobgoblin comes into view.
You hit the hobgoblin.
The hobgoblin hits you but does no damage.
You closely miss the hobgoblin. The hobgoblin completely misses you.
You hit the hobgoblin but do no damage. You block the hobgoblin's attack.
The goblin hits you but does no damage. The goblin hits you with a +0 dagger.
The hobgoblin closely misses you.
You take 2 damage, and have 16/18 hp.
You hit the hobgoblin but do no damage.
The quokka bites you but does no damage.
The hobgoblin barely misses you. The quokka closely misses you.
The goblin barely misses you.
You barely miss the hobgoblin. The quokka closely misses you.
The hobgoblin hits you. The goblin hits you but does no damage.
You block the quokka's attack.
You take 3 damage, and have 13/18 hp.
You slash the hobgoblin!
You kill the hobgoblin!
The goblin hits you with a +0 dagger.
You take 3 damage, and have 10/18 hp.
You hit the goblin. You block the goblin's attack.
You closely miss the goblin. The goblin barely misses you.
You barely miss the goblin.
The goblin hits you with a +0 dagger. x2
You take 4 damage, and have 6/18 hp.
MASSIVE DAMAGE!!
You slash the goblin!
You kill the goblin!
You hit the hobgoblin.
The hobgoblin hits you but does no damage.
You hit the hobgoblin.
You kill the hobgoblin!
The quokka bites you.
* * * LOW HITPOINT WARNING * * *
You have reached level 2!
You take 1 damage, and have 5/24 hp.
MP restored: 2 You hit the quokka but do no damage.
The quokka bites you but does no damage.
The quokka bites you.
* * * LOW HITPOINT WARNING * * *
You take 2 damage, and have 3/24 hp.
You hit the quokka. The quokka completely misses you.
You are too injured to fight recklessly!
Unknown command.
Unknown command.
You barely miss the quokka. You block the quokka's attack.
The quokka bites you but does no damage.
You hit the quokka but do no damage. The quokka barely misses you.
You hit the quokka but do no damage. The quokka bites you.
You die...

.#......#
........#
##.#....#
........#
#(.....#
##...!..#####^#
..............#
#r# #@# #.#
####.# ##....#
..#
#...###....#
+...# #...# ###
#####...# #..+
#..
........###..#
#.#
####........#
#.#


You could see a quokka.

Vanquished Creatures
  An endoplasm (D:1)
  2 hobgoblins (D:1)
  A bat (D:1)
  2 goblins (D:1)
6 creatures vanquished.

Notes
Turn   | Place    | Note
-------+----------+-------------------------------------------
     0 | D:1      | sokol815 the Human Fighter began the quest for the Orb.
     0 | D:1      | Reached XP level 1. HP: 18/18 MP: 1/1
   339 | D:1      | HP: 3/18 [quokka (3)]
   340 | D:1      | Reached XP level 2. HP: 5/24 MP: 2/2
   344 | D:1      | Slain by a quokka

Illustrated notes

Levels and vault maps discovered:
D:1:      nicolae_arrival_somewhat_less_tricky_arrival, layout_basic,
          serial_shops, nicolae_shop_statue_plus

Action                   || total
-------------------------++-------
Melee: Long sword        ||    20
Throw: Stone             ||     7
Armor: Scale mail        ||    10
Dodge: Dodged            ||     9
Block: Buckler           ||     5

Table legend: (Time is in decaauts)
 A = Elapsed time spent in this place.
 B = Non-inter-level travel time spent in this place.
 C = Inter-level travel time spent in this place.
 D = Time resting spent in this place.
 E = Time spent auto-exploring this place.
 F = Levels seen in this place.
 G = Mean time per level.
                   A        B        C        D        E       F      G
               +--------+--------+--------+--------+--------+-----+--------+
         Total |    351 |    351 |      0 |      0 |    302 |   1 |  351.0 |
       Dungeon |    351 |    351 |      0 |      0 |    302 |   1 |  351.0 |
               +--------+--------+--------+--------+--------+-----+--------+

Top non-repeatable levels by time:
     D:1: 351 daAuts

Table legend:
 A = Kills in this place as a percentage of kills in entire the game.
 B = Kills by you in this place as a percentage of kills by you in the entire game.
 C = Kills by friends in this place as a percentage of kills by friends in the entire game.
 D = Other kills in this place as a percentage of other kills in the entire game.
 E = Experience gained in this place as a percentage of experience gained in the entire game.
 F = Experience gained in this place divided by the number of levels of this place that you have seen.
                   A       B       C       D       E      F
               +-------+-------+-------+-------+-------+----------------------
         Total | 100.0 | 100.0 |   N/A |   N/A | 100.0 |  10.0
       Dungeon | 100.0 | 100.0 |   N/A |   N/A | 100.0 |  10.0
               +-------+-------+-------+-------+-------+----------------------
